Ducks vs Flames

Created - 27 octobre 2017 at 21:11

Goals
1 2 3 T
Ducks 2 1 1 4
Flames 0 0 1 1
Shots
1 2 3 T
Ducks 16 14 5 35
Flames 7 4 12 23

1st period

1. Ducks , Travis Hamonic 1 (Claude Giroux 9, Nikita Zaitsev 4) at 4:22 (PP)
2. Ducks , Wayne Simmonds 7 (Mark Scheifele 13, Claude Giroux 10) at 19:54 (PP)

Penalties :
Brady Skjei (CGY) for Elbowing (Minor) at 1:44, Brady Skjei (CGY) for Elbowing (Minor) at 4:10, Gabriel Bourque (CGY) for Interference (Minor) at 10:10, Justin Faulk (CGY) for Hooking (Minor) at 12:37, Brady Skjei (CGY) for Hooking (Minor) at 19:01

2nd period

3. Ducks , Claude Giroux 3 (Mark Scheifele 14, Matt Hunwick 4) at 9:19 (PP)

Penalties :
Brady Skjei (CGY) for Roughing (Minor) at 5:11, Alec Martinez (CGY) for Hooking (Minor) at 8:04

3rd period

4. Ducks , Blake Comeau 2 (Ryan OReilly 5, Nikita Zaitsev 5) at 10:08
5. Flames , Jared Spurgeon 3 (Viktor Arvidsson 2, Antoine Vermette 3) at 13:10 (PP)

Penalties :
Blake Comeau (ANA) for Tripping (Minor) at 12:44

Goalie Stats

Robin Lehner (ANA), 22 saves from 23 shots - (0.957), W, 3-1-0, 60:00 minutes
Andrei Vasilevskiy (CGY), 31 saves from 35 shots - (0.886), L, 1-3-2, 60:00 minutes

Players Stats for Ducks

Player Name              G  A  P  +/- PIM S  H  SB GA TA FO     MP     PP MP  PK MP  
------------------------------------------------------------------------------------
Ben Smith                0  0  0   0  0   0  0  0  0  0  1/1     9:33   0:18   0:00 
Blake Comeau             1  0  1   1  2   1  1  0  0  0  0/0    13:39   0:00   0:00 
Boone Jenner             0  0  0   0  0   2  3  0  0  0  0/0    16:39   4:38   0:26 
Brandon Dubinsky         0  0  0   0  0   5  2  1  0  0  8/16   12:53   0:52   0:26 
Chris Kunitz             0  0  0   0  0   0  1  0  0  0  0/0     9:15   0:00   0:00 
Claude Giroux            1  2  3   0  0   3  1  0  0  0  1/1    20:26   5:38   0:00 
Colton Parayko           0  0  0   0  0   2  0  4  0  0  0/0    20:45   3:34   0:18 
Erik Johnson             0  0  0   0  0   0  0  0  0  0  0/0    16:31   0:52   0:08 
Jake Dotchin             0  0  0   0  0   1  0  1  0  0  0/0    16:46   1:07   0:08 
Mark Scheifele           0  2  2   0  0   3  1  0  0  0  13/26  20:26   5:38   0:00 
Matt Hunwick             0  1  1   0  0   1  2  2  0  0  0/0    20:30   3:19   0:18 
Nikita Zaitsev           0  2  2   1  0   2  1  2  0  0  0/0    22:44   5:50   0:00 
Patrick Marleau          0  0  0   1  0   2  2  0  0  0  1/3    17:26   3:46   0:00 
Ryan OReilly             0  1  1   1  0   0  0  0  0  0  7/19   18:00   4:20   0:00 
Steve Ott                0  0  0   0  0   0  0  0  0  0  0/0    11:35   0:00   0:00 
Travis Hamonic           1  0  1   1  0   3  0  0  0  0  0/0    22:44   5:50   0:00 
Valtteri Filppula        0  0  0   0  0   3  1  0  0  0  5/12    9:15   0:00   0:00 
Wayne Simmonds           1  0  1   0  0   7  2  0  0  0  1/1    20:26   5:38   0:00 

Players Stats for Flames

Player Name              G  A  P  +/- PIM S  H  SB GA TA FO     MP     PP MP  PK MP  
------------------------------------------------------------------------------------
Adam Lowry               0  0  0   0  0   1  2  1  0  0  11/17  15:17   0:00   0:00 
Alec Martinez            0  0  0  -1  2   0  1  2  0  0  0/0    20:16   0:16   4:23 
Alexander Radulov        0  0  0  -1  0   0  4  0  0  0  0/1    15:16   0:04   0:00 
Antoine Vermette         0  1  1  -1  0   1  2  1  0  0  15/24  19:50   0:14   3:33 
Brady Skjei              0  0  0   0  8   1  0  0  0  0  0/0    14:56   0:00   0:22 
Brandon Sutter           0  0  0   0  0   2  0  0  0  0  11/16  21:15   0:12   6:43 
Cameron Gaunce           0  0  0   0  0   0  0  0  0  0  0/0    15:25   0:00   1:07 
Gabriel Bourque          0  0  0   0  2   0  0  0  0  0  1/1     4:28   0:00   0:00 
James van Riemsdyk       0  0  0   0  0   3  1  1  0  0  3/18   23:52   0:12   6:02 
Jared Spurgeon           1  0  1   0  0   3  1  2  0  0  0/0    24:40   0:10   5:28 
Jarome Iginla            0  0  0   0  0   1  2  0  0  0  0/1    15:27   0:10   0:00 
Jaromir Jagr             0  0  0  -1  0   1  0  0  0  0  0/0    15:53   0:00   0:41 
John Carlson             0  0  0  -1  0   1  1  0  0  0  0/0    20:42   0:16   4:48 
Jordan Martinook         0  0  0   0  0   0  0  0  0  0  0/0     0:20   0:00   0:00 
Justin Faulk             0  0  0   0  2   0  4  1  0  0  0/0    23:35   0:10   4:24 
Kyle Palmieri            0  0  0   0  0   4  0  0  0  0  0/0    18:05   0:12   3:33 
Shane Doan               0  0  0   0  0   1  1  0  0  0  0/0     4:49   0:00   0:00 
Viktor Arvidsson         0  1  1   0  0   4  1  1  0  0  1/1    15:31   0:14   0:00 

3 Stars

1 - Claude Giroux (ANA)
2 - Nikita Zaitsev (ANA)
3 - Robin Lehner (ANA)

Power Play

Ducks - 3 on 7 Attempt(s) - 42.86%
Flames - 1 on 1 Attempt(s) - 100.00%

Penalty Kill

Ducks - 0 on 1 Attempt(s) - 0.00% - Score 0 goal in Penalty Kill
Flames - 4 on 7 Attempt(s) - 57.14% - Score 0 goal in Penalty Kill

Team Stat

Ducks - Hits : 17 - Faceoff Wins : 37 - Blocked Shots : 10 - Penalty Minutes : 2
Flames - Hits : 20 - Faceoff Wins : 42 - Blocked Shots : 9 - Penalty Minutes : 14

Official

Referees : Ghislain Hebert and Kyle Rehman
Linesman : Vaughan Rody and Devin Berg

Game Notes

No Game Note

Finance

Level 1 -- Attendance: 5728 (88.12%) -- Ticket Income 630 080 $
Level 2 -- Attendance: 4966 (99.32%) -- Ticket Income 288 028 $
Level 3 -- Attendance: 3150 (90.00%) -- Ticket Income 154 350 $
Level 4 -- Attendance: 2948 (89.63%) -- Ticket Income 85 492 $
Luxury Box -- Attendance: 1000 (100.00%) -- Ticket Income 150 000 $
Game was played at the Scotiabank Saddledome.
Total Attendance: 17792 (92.24%)
Total Ticket Income: 1 307 950 $
Other Income: 196 192 $
Total Income: 1 504 142 $

% Time on Ice - Ducks

Lines # - Real PCT - Wanted PCT - Time Play
Normal Forward
1 - 30% - 30% - 14:48
2 - 28% - 30% - 13:40
3 - 23% - 25% - 11:35
4 - 19% - 15% - 9:15
Normal Defense
1 - 34% - 35% - 16:54
2 - 34% - 35% - 16:53
3 - 31% - 30% - 15:31
4 - 0% - 0% - 0:00
PP Forward
1 - 55% - 55% - 5:38
2 - 45% - 45% - 4:38
PP Defense
1 - 65% - 65% - 6:42
2 - 35% - 35% - 3:34
PK Forward
1 - 100% - 55% - 0:26
2 - 0% - 45% - 0:00
PK Defense
1 - 69% - 55% - 0:18
2 - 31% - 45% - 0:08
PK3 Forward
1 - 0% - 55%
2 - 0% - 45%
PK3 Defense
1 - 0% - 55%
2 - 0% - 45%
44 Forward
1 - 0% - 60%
2 - 0% - 40%
44 Defense
1 - 0% - 60%
2 - 0% - 40%
Last Minute Offensive  - 0:00
Last Minute Defensive  - 0:00
Total
Forward - 60:00
Defense - 60:00

% Time on Ice - Flames

Lines # - Real PCT - Wanted PCT - Time Play
Normal Forward
1 - 29% - 40% - 14:20
2 - 31% - 30% - 15:12
3 - 31% - 20% - 15:17
4 - 9% - 10% - 4:29
Normal Defense
1 - 36% - 40% - 17:42
2 - 32% - 30% - 15:38
3 - 30% - 20% - 14:38
4 - 3% - 10% - 1:20
PP Forward
1 - 46% - 60% - 0:12
2 - 54% - 40% - 0:14
PP Defense
1 - 38% - 60% - 0:10
2 - 62% - 40% - 0:16
PK Forward
1 - 65% - 60% - 6:43
2 - 35% - 40% - 3:33
PK Defense
1 - 53% - 60% - 5:28
2 - 47% - 40% - 4:48
PK3 Forward
1 - 0% - 60%
2 - 0% - 40%
PK3 Defense
1 - 0% - 60%
2 - 0% - 40%
44 Forward
1 - 0% - 60%
2 - 0% - 40%
44 Defense
1 - 0% - 60%
2 - 0% - 40%
Last Minute Offensive  - 0:00
Last Minute Defensive  - 0:00
Total
Forward - 60:00
Defense - 60:00

Play by Play

1st period


0:01 of 1st period - Brandon Sutter wins face-off versus Mark Scheifele in neutral zone.
0:32 of 1st period - Shot by Kyle Palmieri.
0:32 of 1st period - Stopped by Robin Lehner with a rebound.
0:34 of 1st period - Shot by James van Riemsdyk.
0:34 of 1st period - Shot Misses the Net.
0:38 of 1st period - Shot by Kyle Palmieri.
0:38 of 1st period - Stopped by Robin Lehner without a rebound.
0:39 of 1st period - Ryan OReilly wins face-off versus Antoine Vermette in Ducks zone.
0:49 of 1st period - Blake Comeau is hit by Alec Martinez.
1:10 of 1st period - Off-side.
1:11 of 1st period - Brandon Dubinsky wins face-off versus Adam Lowry in neutral zone.
1:44 of 1st period - Minor Penalty to Brady Skjei for Elbowing.
1:45 of 1st period - James van Riemsdyk wins face-off versus Mark Scheifele in Flames zone.
1:54 of 1st period - James van Riemsdyk is hit by Wayne Simmonds and loses puck.
2:27 of 1st period - Shot by Wayne Simmonds.
2:27 of 1st period - Stopped by Andrei Vasilevskiy without a rebound.
2:28 of 1st period - Ryan OReilly wins face-off versus Antoine Vermette in Flames zone.
3:02 of 1st period - Icing by Patrick Marleau.
3:03 of 1st period - Patrick Marleau wins face-off versus James van Riemsdyk in Ducks zone.
4:09 of 1st period - Icing by Brady Skjei.
4:10 of 1st period - Mark Scheifele wins face-off versus Adam Lowry in Flames zone.
4:10 of 1st period - Minor Penalty to Brady Skjei for Elbowing.
4:11 of 1st period - Wayne Simmonds wins face-off versus James van Riemsdyk in Flames zone.
4:19 of 1st period - Claude Giroux is hit by Jared Spurgeon and loses puck.
4:22 of 1st period - Shot by Travis Hamonic.
4:22 of 1st period - Goal by Travis Hamonic - Ducks : 1 - Flames : 0.
4:23 of 1st period - Antoine Vermette wins face-off versus Ryan OReilly in neutral zone.
4:33 of 1st period - Off-side.
4:34 of 1st period - Brandon Sutter wins face-off versus Mark Scheifele in neutral zone.
4:45 of 1st period - Shot by Kyle Palmieri.
4:45 of 1st period - Shot Misses the Net.
4:47 of 1st period - Shot by Jared Spurgeon.
4:47 of 1st period - Shot Blocked by Nikita Zaitsev.
4:49 of 1st period - Shot by James van Riemsdyk.
4:49 of 1st period - Stopped by Robin Lehner without a rebound.
4:50 of 1st period - Antoine Vermette wins face-off versus Patrick Marleau in Ducks zone.
5:07 of 1st period - Shot by Jaromir Jagr.
5:07 of 1st period - Stopped by Robin Lehner with a rebound.
5:23 of 1st period - Shot by Matt Hunwick.
5:23 of 1st period - Shot Misses the Net.
5:38 of 1st period - Antoine Vermette is hit by Boone Jenner and loses puck.
5:43 of 1st period - Shot by Steve Ott.
5:43 of 1st period - Shot Misses the Net.
5:54 of 1st period - Shot by Brandon Dubinsky.
5:54 of 1st period - Stopped by Andrei Vasilevskiy without a rebound.
5:55 of 1st period - Mark Scheifele wins face-off versus Brandon Sutter in Flames zone.
5:55 of 1st period - Wayne Simmonds is hit by Justin Faulk and loses puck.
6:25 of 1st period - Shot by Claude Giroux.
6:25 of 1st period - Shot Misses the Net.
6:27 of 1st period - Shot by Erik Johnson.
6:27 of 1st period - Shot Misses the Net.
6:59 of 1st period - Steve Ott is hit by Justin Faulk and loses puck.
7:14 of 1st period - Shot by Travis Hamonic.
7:14 of 1st period - Shot Misses the Net.
7:16 of 1st period - Shot by Brandon Dubinsky.
7:16 of 1st period - Stopped by Andrei Vasilevskiy with a rebound.
7:18 of 1st period - Shot by Travis Hamonic.
7:18 of 1st period - Stopped by Andrei Vasilevskiy with a rebound.
8:06 of 1st period - Shot by Jarome Iginla.
8:06 of 1st period - Shot Blocked by Colton Parayko.
8:17 of 1st period - Icing by Colton Parayko.
8:18 of 1st period - Antoine Vermette wins face-off versus Ryan OReilly in Ducks zone.
9:08 of 1st period - Patrick Marleau is hit by Jarome Iginla and loses puck.
9:27 of 1st period - Shot by Viktor Arvidsson.
9:27 of 1st period - Shot Blocked by Colton Parayko.
9:29 of 1st period - Shot by Brady Skjei.
9:29 of 1st period - Shot Blocked by Colton Parayko.
9:31 of 1st period - Shot by Viktor Arvidsson.
9:31 of 1st period - Stopped by Robin Lehner with a rebound.
9:54 of 1st period - Off-side.
9:55 of 1st period - Mark Scheifele wins face-off versus James van Riemsdyk in neutral zone.
9:55 of 1st period - Claude Giroux is hit by Shane Doan.
10:10 of 1st period - Minor Penalty to Gabriel Bourque for Interference.
10:11 of 1st period - Mark Scheifele wins face-off versus James van Riemsdyk in Flames zone.
10:28 of 1st period - Shot by Wayne Simmonds.
10:28 of 1st period - Stopped by Andrei Vasilevskiy with a rebound.
10:30 of 1st period - Shot by Nikita Zaitsev.
10:30 of 1st period - Shot Misses the Net.
10:44 of 1st period - Shot by Mark Scheifele.
10:44 of 1st period - Stopped by Andrei Vasilevskiy without a rebound.
10:45 of 1st period - Antoine Vermette wins face-off versus Mark Scheifele in Flames zone.
11:24 of 1st period - Boone Jenner is hit by Justin Faulk and loses puck.
11:29 of 1st period - Shot by Brandon Dubinsky.
11:29 of 1st period - Shot Misses the Net.
11:35 of 1st period - Shot by Brandon Dubinsky.
11:35 of 1st period - Stopped by Andrei Vasilevskiy without a rebound.
11:36 of 1st period - Antoine Vermette wins face-off versus Ryan OReilly in Flames zone.
12:19 of 1st period - Shot by Viktor Arvidsson.
12:19 of 1st period - Shot Blocked by Nikita Zaitsev.
12:24 of 1st period - Icing by Valtteri Filppula.
12:25 of 1st period - Valtteri Filppula wins face-off versus Alexander Radulov in Ducks zone.
12:36 of 1st period - Shot by Valtteri Filppula.
12:36 of 1st period - Stopped by Andrei Vasilevskiy without a rebound.
12:37 of 1st period - Mark Scheifele wins face-off versus Adam Lowry in Flames zone.
12:37 of 1st period - Minor Penalty to Justin Faulk for Hooking.
12:38 of 1st period - Claude Giroux wins face-off versus James van Riemsdyk in Flames zone.
12:49 of 1st period - Shot by Claude Giroux.
12:49 of 1st period - Shot Misses the Net.
12:51 of 1st period - Shot by Wayne Simmonds.
12:51 of 1st period - Deflect By Mark Scheifele.
12:51 of 1st period - Shot Misses the Net.
13:34 of 1st period - Shot by Nikita Zaitsev.
13:34 of 1st period - Stopped by Andrei Vasilevskiy without a rebound.
13:35 of 1st period - Antoine Vermette wins face-off versus Mark Scheifele in Flames zone.
13:35 of 1st period - Antoine Vermette is hit by Mark Scheifele.
13:51 of 1st period - Shot by Claude Giroux.
13:51 of 1st period - Stopped by Andrei Vasilevskiy without a rebound.
13:52 of 1st period - Antoine Vermette wins face-off versus Ryan OReilly in Flames zone.
13:52 of 1st period - Antoine Vermette is hit by Patrick Marleau.
14:06 of 1st period - Shot by Boone Jenner.
14:06 of 1st period - Stopped by Andrei Vasilevskiy without a rebound.
14:07 of 1st period - Mark Scheifele wins face-off versus James van Riemsdyk in Flames zone.
14:49 of 1st period - Shot by Alexander Radulov.
14:49 of 1st period - Shot Misses the Net.
14:51 of 1st period - Shot by Jared Spurgeon.
14:51 of 1st period - Deflect By Jaromir Jagr.
14:51 of 1st period - Shot Misses the Net.
14:53 of 1st period - Shot by Jared Spurgeon.
14:53 of 1st period - Stopped by Robin Lehner without a rebound.
14:54 of 1st period - Adam Lowry wins face-off versus Valtteri Filppula in Ducks zone.
14:54 of 1st period - Adam Lowry is hit by Matt Hunwick.
15:37 of 1st period - Icing by Adam Lowry.
15:38 of 1st period - Adam Lowry wins face-off versus Mark Scheifele in Flames zone.
15:38 of 1st period - Adam Lowry is hit by Claude Giroux.
15:56 of 1st period - Shot by Mark Scheifele.
15:56 of 1st period - Shot Misses the Net.
16:33 of 1st period - Icing by Justin Faulk.
16:34 of 1st period - Brandon Sutter wins face-off versus Brandon Dubinsky in Flames zone.
16:34 of 1st period - Brandon Sutter is hit by Brandon Dubinsky.
17:20 of 1st period - Icing by Nikita Zaitsev.
17:21 of 1st period - Brandon Dubinsky wins face-off versus Antoine Vermette in Ducks zone.
17:23 of 1st period - Boone Jenner is hit by Alexander Radulov.
17:24 of 1st period - Off-side.
17:25 of 1st period - Antoine Vermette wins face-off versus Ryan OReilly in neutral zone.
18:19 of 1st period - Icing by Ryan OReilly.
18:20 of 1st period - Ryan OReilly wins face-off versus Adam Lowry in Ducks zone.
18:31 of 1st period - Shot by Adam Lowry.
18:31 of 1st period - Stopped by Robin Lehner without a rebound.
18:32 of 1st period - Mark Scheifele wins face-off versus Brandon Sutter in Ducks zone.
18:39 of 1st period - Shot by Mark Scheifele.
18:39 of 1st period - Shot Misses the Net.
19:01 of 1st period - Minor Penalty to Brady Skjei for Hooking.
19:02 of 1st period - Ryan OReilly wins face-off versus James van Riemsdyk in Flames zone.
19:25 of 1st period - Alec Martinez is hit by Boone Jenner and loses puck.
19:46 of 1st period - Shot by Wayne Simmonds.
19:46 of 1st period - Stopped by Andrei Vasilevskiy with a rebound.
19:48 of 1st period - Shot by Matt Hunwick.
19:48 of 1st period - Stopped by Andrei Vasilevskiy without a rebound.
19:49 of 1st period - Mark Scheifele wins face-off versus James van Riemsdyk in Flames zone.
19:52 of 1st period - Shot by Mark Scheifele.
19:52 of 1st period - Stopped by Andrei Vasilevskiy with a rebound.
19:54 of 1st period - Shot by Wayne Simmonds.
19:54 of 1st period - Goal by Wayne Simmonds - Ducks : 2 - Flames : 0.
19:55 of 1st period - Antoine Vermette wins face-off versus Valtteri Filppula in neutral zone.
Goals for this period are 2 for Ducks vs 0 for Flames.
Shots for this period are 16 for Ducks vs 7 for Flames.

2nd period


0:01 of 2nd period - Brandon Sutter wins face-off versus Mark Scheifele in neutral zone.
0:13 of 2nd period - Off-side.
0:14 of 2nd period - Brandon Dubinsky wins face-off versus Antoine Vermette in neutral zone.
0:47 of 2nd period - Shot by Boone Jenner.
0:47 of 2nd period - Shot Misses the Net.
0:49 of 2nd period - Shot by Nikita Zaitsev.
0:49 of 2nd period - Stopped by Andrei Vasilevskiy without a rebound.
0:50 of 2nd period - Brandon Sutter wins face-off versus Mark Scheifele in Flames zone.
1:16 of 2nd period - Shot by Claude Giroux.
1:16 of 2nd period - Shot Blocked by Jared Spurgeon.
1:20 of 2nd period - Shot by Wayne Simmonds.
1:20 of 2nd period - Stopped by Andrei Vasilevskiy without a rebound.
1:21 of 2nd period - Adam Lowry wins face-off versus Valtteri Filppula in Flames zone.
1:38 of 2nd period - Valtteri Filppula is hit by Adam Lowry and loses puck.
2:53 of 2nd period - Shot by Brandon Sutter.
2:53 of 2nd period - Shot Misses the Net.
3:05 of 2nd period - Shot by Wayne Simmonds.
3:05 of 2nd period - Deflect By Claude Giroux.
3:05 of 2nd period - Shot Misses the Net.
3:30 of 2nd period - Erik Johnson is hit by Alexander Radulov and loses puck.
3:41 of 2nd period - Shot by Boone Jenner.
3:41 of 2nd period - Shot Blocked by Alec Martinez.
3:45 of 2nd period - Shot by Brandon Dubinsky.
3:45 of 2nd period - Shot Blocked by Alec Martinez.
3:47 of 2nd period - Shot by Jake Dotchin.
3:47 of 2nd period - Shot Misses the Net.
4:09 of 2nd period - Shot by Patrick Marleau.
4:09 of 2nd period - Stopped by Andrei Vasilevskiy without a rebound.
4:10 of 2nd period - Adam Lowry wins face-off versus Patrick Marleau in Flames zone.
4:19 of 2nd period - Shot by Viktor Arvidsson.
4:19 of 2nd period - Shot Misses the Net.
4:21 of 2nd period - Shot by Brady Skjei.
4:21 of 2nd period - Stopped by Robin Lehner without a rebound.
4:22 of 2nd period - Mark Scheifele wins face-off versus Adam Lowry in Ducks zone.
4:31 of 2nd period - Shot by Claude Giroux.
4:31 of 2nd period - Shot Blocked by Justin Faulk.
4:37 of 2nd period - Shot by Wayne Simmonds.
4:37 of 2nd period - Deflect By Mark Scheifele.
4:37 of 2nd period - Shot Misses the Net.
4:39 of 2nd period - Shot by Jake Dotchin.
4:39 of 2nd period - Stopped by Andrei Vasilevskiy without a rebound.
4:40 of 2nd period - Gabriel Bourque wins face-off versus Ryan OReilly in Flames zone.
5:11 of 2nd period - Minor Penalty to Brady Skjei for Roughing.
5:12 of 2nd period - Mark Scheifele wins face-off versus James van Riemsdyk in Flames zone.
6:24 of 2nd period - Icing by Travis Hamonic.
6:25 of 2nd period - Ryan OReilly wins face-off versus James van Riemsdyk in Ducks zone.
6:32 of 2nd period - Jared Spurgeon is hit by Boone Jenner.
6:41 of 2nd period - Icing by Travis Hamonic.
6:42 of 2nd period - Ryan OReilly wins face-off versus James van Riemsdyk in Ducks zone.
7:36 of 2nd period - Shot by Valtteri Filppula.
7:36 of 2nd period - Stopped by Andrei Vasilevskiy without a rebound.
7:37 of 2nd period - Antoine Vermette wins face-off versus Mark Scheifele in Flames zone.
8:04 of 2nd period - Minor Penalty to Alec Martinez for Hooking.
8:05 of 2nd period - James van Riemsdyk wins face-off versus Ryan OReilly in Flames zone.
8:20 of 2nd period - Jared Spurgeon is hit by Patrick Marleau and loses puck.
9:13 of 2nd period - Shot by Matt Hunwick.
9:13 of 2nd period - Shot Misses the Net.
9:19 of 2nd period - Shot by Claude Giroux.
9:19 of 2nd period - Goal by Claude Giroux - Ducks : 3 - Flames : 0.
9:20 of 2nd period - Adam Lowry wins face-off versus Valtteri Filppula in neutral zone.
9:23 of 2nd period - Shot by Jarome Iginla.
9:23 of 2nd period - Stopped by Robin Lehner without a rebound.
9:24 of 2nd period - Valtteri Filppula wins face-off versus Antoine Vermette in Ducks zone.
9:24 of 2nd period - Valtteri Filppula is hit by Alexander Radulov.
9:38 of 2nd period - Shot by Chris Kunitz.
9:38 of 2nd period - Shot Misses the Net.
11:20 of 2nd period - Icing by Travis Hamonic.
11:21 of 2nd period - Brandon Sutter wins face-off versus Mark Scheifele in Ducks zone.
11:34 of 2nd period - Shot by Mark Scheifele.
11:34 of 2nd period - Stopped by Andrei Vasilevskiy with a rebound.
12:12 of 2nd period - Shot by Brandon Dubinsky.
12:12 of 2nd period - Shot Blocked by James van Riemsdyk.
12:14 of 2nd period - Shot by Colton Parayko.
12:14 of 2nd period - Stopped by Andrei Vasilevskiy with a rebound.
13:06 of 2nd period - Shot by Wayne Simmonds.
13:06 of 2nd period - Stopped by Andrei Vasilevskiy without a rebound.
13:07 of 2nd period - Valtteri Filppula wins face-off versus Jarome Iginla in Flames zone.
13:36 of 2nd period - Shot by Viktor Arvidsson.
13:36 of 2nd period - Stopped by Robin Lehner without a rebound.
13:37 of 2nd period - Mark Scheifele wins face-off versus James van Riemsdyk in Ducks zone.
13:46 of 2nd period - Shot by Claude Giroux.
13:46 of 2nd period - Stopped by Andrei Vasilevskiy without a rebound.
13:47 of 2nd period - Brandon Dubinsky wins face-off versus Antoine Vermette in Flames zone.
13:56 of 2nd period - Shot by Boone Jenner.
13:56 of 2nd period - Shot Hit the Post.
13:58 of 2nd period - Shot by Brandon Dubinsky.
13:58 of 2nd period - Stopped by Andrei Vasilevskiy with a rebound.
14:00 of 2nd period - Shot by Boone Jenner.
14:00 of 2nd period - Stopped by Andrei Vasilevskiy without a rebound.
14:01 of 2nd period - Brandon Sutter wins face-off versus Ryan OReilly in Flames zone.
14:01 of 2nd period - Brandon Sutter is hit by Blake Comeau.
14:31 of 2nd period - Shot by James van Riemsdyk.
14:31 of 2nd period - Deflect By Kyle Palmieri.
14:31 of 2nd period - Stopped by Robin Lehner without a rebound.
14:32 of 2nd period - Antoine Vermette wins face-off versus Brandon Dubinsky in Ducks zone.
14:33 of 2nd period - Shot by Justin Faulk.
14:33 of 2nd period - Shot Blocked by Matt Hunwick.
15:43 of 2nd period - Icing by Steve Ott.
15:44 of 2nd period - Brandon Dubinsky wins face-off versus Brandon Sutter in Ducks zone.
15:44 of 2nd period - Brandon Dubinsky is hit by James van Riemsdyk.
17:18 of 2nd period - Shot by Patrick Marleau.
17:18 of 2nd period - Stopped by Andrei Vasilevskiy without a rebound.
17:19 of 2nd period - Ben Smith wins face-off versus James van Riemsdyk in Flames zone.
17:27 of 2nd period - Icing by Justin Faulk.
17:28 of 2nd period - Valtteri Filppula wins face-off versus James van Riemsdyk in Flames zone.
18:45 of 2nd period - Shot by Wayne Simmonds.
18:45 of 2nd period - Stopped by Andrei Vasilevskiy without a rebound.
18:46 of 2nd period - Adam Lowry wins face-off versus Ryan OReilly in Flames zone.
Goals for this period are 1 for Ducks vs 0 for Flames.
Shots for this period are 14 for Ducks vs 4 for Flames.

3rd period


0:01 of 3rd period - Mark Scheifele wins face-off versus James van Riemsdyk in neutral zone.
0:19 of 3rd period - Shot by James van Riemsdyk.
0:19 of 3rd period - Shot Misses the Net.
0:27 of 3rd period - Shot by Travis Hamonic.
0:27 of 3rd period - Shot Misses the Net.
0:29 of 3rd period - Shot by Travis Hamonic.
0:29 of 3rd period - Stopped by Andrei Vasilevskiy without a rebound.
0:30 of 3rd period - Antoine Vermette wins face-off versus Brandon Dubinsky in Flames zone.
0:35 of 3rd period - Shot by Alexander Radulov.
0:35 of 3rd period - Shot Misses the Net.
0:39 of 3rd period - Shot by Jaromir Jagr.
0:39 of 3rd period - Shot Blocked by Jake Dotchin.
0:41 of 3rd period - Shot by Jaromir Jagr.
0:41 of 3rd period - Shot Blocked by Brandon Dubinsky.
0:56 of 3rd period - Icing by Jake Dotchin.
0:57 of 3rd period - Brandon Sutter wins face-off versus Brandon Dubinsky in Ducks zone.
2:02 of 3rd period - Off-side.
2:03 of 3rd period - Mark Scheifele wins face-off versus Antoine Vermette in neutral zone.
2:24 of 3rd period - Shot by Jaromir Jagr.
2:24 of 3rd period - Shot Misses the Net.
2:28 of 3rd period - Shot by Alexander Radulov.
2:28 of 3rd period - Shot Blocked by Colton Parayko.
2:37 of 3rd period - Icing by Colton Parayko.
2:38 of 3rd period - Viktor Arvidsson wins face-off versus Mark Scheifele in Ducks zone.
3:02 of 3rd period - Shot by Viktor Arvidsson.
3:02 of 3rd period - Stopped by Robin Lehner without a rebound.
3:03 of 3rd period - James van Riemsdyk wins face-off versus Ryan OReilly in Ducks zone.
3:11 of 3rd period - James van Riemsdyk is hit by Nikita Zaitsev and loses puck.
4:25 of 3rd period - Jake Dotchin is hit by Antoine Vermette and loses puck.
4:42 of 3rd period - Shot by Brandon Dubinsky.
4:42 of 3rd period - Stopped by Andrei Vasilevskiy without a rebound.
4:43 of 3rd period - Adam Lowry wins face-off versus Mark Scheifele in Flames zone.
4:43 of 3rd period - Adam Lowry is hit by Wayne Simmonds.
4:53 of 3rd period - Claude Giroux is hit by Adam Lowry.
4:57 of 3rd period - Matt Hunwick is hit by Viktor Arvidsson and loses puck.
5:14 of 3rd period - Shot by Claude Giroux.
5:14 of 3rd period - Deflect By Mark Scheifele.
5:14 of 3rd period - Shot Blocked by Adam Lowry.
5:56 of 3rd period - Shot by Ben Smith.
5:56 of 3rd period - Shot Misses the Net.
6:22 of 3rd period - Brady Skjei is hit by Brandon Dubinsky and loses puck.
7:15 of 3rd period - Shot by Patrick Marleau.
7:15 of 3rd period - Shot Blocked by Jared Spurgeon.
9:58 of 3rd period - Patrick Marleau is hit by John Carlson.
10:06 of 3rd period - Shot by Ryan OReilly.
10:06 of 3rd period - Shot Blocked by Antoine Vermette.
10:08 of 3rd period - Shot by Blake Comeau.
10:08 of 3rd period - Goal by Blake Comeau - Ducks : 4 - Flames : 0.
10:09 of 3rd period - Brandon Sutter wins face-off versus Valtteri Filppula in neutral zone.
10:16 of 3rd period - Shot by Kyle Palmieri.
10:16 of 3rd period - Stopped by Robin Lehner with a rebound.
10:18 of 3rd period - Shot by Shane Doan.
10:18 of 3rd period - Shot Misses the Net.
10:26 of 3rd period - Shot by Brandon Sutter.
10:26 of 3rd period - Shot Blocked by Matt Hunwick.
10:28 of 3rd period - Shot by Brandon Sutter.
10:28 of 3rd period - Stopped by Robin Lehner without a rebound.
10:29 of 3rd period - Adam Lowry wins face-off versus Ryan OReilly in Ducks zone.
11:28 of 3rd period - Icing by Jared Spurgeon.
11:29 of 3rd period - Brandon Dubinsky wins face-off versus Adam Lowry in Flames zone.
11:32 of 3rd period - Shot by Boone Jenner.
11:32 of 3rd period - Shot Misses the Net.
11:35 of 3rd period - Icing by Justin Faulk.
11:36 of 3rd period - Adam Lowry wins face-off versus Mark Scheifele in Flames zone.
11:58 of 3rd period - Shot by Alec Martinez.
11:58 of 3rd period - Shot Misses the Net.
12:44 of 3rd period - Minor Penalty to Blake Comeau for Tripping.
12:45 of 3rd period - Antoine Vermette wins face-off versus Brandon Dubinsky in Ducks zone.
12:46 of 3rd period - Shot by John Carlson.
12:46 of 3rd period - Stopped by Robin Lehner with a rebound.
12:48 of 3rd period - Shot by Viktor Arvidsson.
12:48 of 3rd period - Stopped by Robin Lehner without a rebound.
12:49 of 3rd period - Brandon Dubinsky wins face-off versus Brandon Sutter in Ducks zone.
13:00 of 3rd period - Shot by James van Riemsdyk.
13:00 of 3rd period - Stopped by Robin Lehner without a rebound.
13:01 of 3rd period - Antoine Vermette wins face-off versus Brandon Dubinsky in Ducks zone.
13:02 of 3rd period - Shot by Jared Spurgeon.
13:02 of 3rd period - Shot Misses the Net.
13:04 of 3rd period - Shot by Jared Spurgeon.
13:04 of 3rd period - Stopped by Robin Lehner with a rebound.
13:08 of 3rd period - Shot by Viktor Arvidsson.
13:08 of 3rd period - Shot Misses the Net.
13:10 of 3rd period - Shot by Jared Spurgeon.
13:10 of 3rd period - Goal by Jared Spurgeon - Ducks : 4 - Flames : 1.
13:11 of 3rd period - Antoine Vermette wins face-off versus Ryan OReilly in neutral zone.
13:26 of 3rd period - Shot by Alexander Radulov.
13:26 of 3rd period - Deflect By Antoine Vermette.
13:26 of 3rd period - Stopped by Robin Lehner without a rebound.
13:27 of 3rd period - Brandon Sutter wins face-off versus Brandon Dubinsky in Ducks zone.
13:28 of 3rd period - Shot by John Carlson.
13:28 of 3rd period - Shot Misses the Net.
13:30 of 3rd period - Shot by Brandon Sutter.
13:30 of 3rd period - Shot Misses the Net.
13:49 of 3rd period - Kyle Palmieri is hit by Matt Hunwick and loses puck.
14:01 of 3rd period - Icing by Brandon Dubinsky.
14:02 of 3rd period - Brandon Dubinsky wins face-off versus Antoine Vermette in Ducks zone.
14:02 of 3rd period - Brandon Dubinsky is hit by Antoine Vermette.
14:08 of 3rd period - Shot by Steve Ott.
14:08 of 3rd period - Shot Misses the Net.
14:10 of 3rd period - Shot by Colton Parayko.
14:10 of 3rd period - Stopped by Andrei Vasilevskiy with a rebound.
14:12 of 3rd period - Shot by Steve Ott.
14:12 of 3rd period - Shot Misses the Net.
14:46 of 3rd period - Ryan OReilly is hit by Justin Faulk and loses puck.
15:35 of 3rd period - Shot by Claude Giroux.
15:35 of 3rd period - Shot Blocked by Viktor Arvidsson.
15:52 of 3rd period - Icing by Adam Lowry.
15:53 of 3rd period - Adam Lowry wins face-off versus Valtteri Filppula in Flames zone.
16:21 of 3rd period - Shot by Chris Kunitz.
16:21 of 3rd period - Deflect By Valtteri Filppula.
16:21 of 3rd period - Shot Misses the Net.
16:23 of 3rd period - Shot by Matt Hunwick.
16:23 of 3rd period - Shot Misses the Net.
16:25 of 3rd period - Shot by Colton Parayko.
16:25 of 3rd period - Shot Misses the Net.
16:27 of 3rd period - Shot by Valtteri Filppula.
16:27 of 3rd period - Stopped by Andrei Vasilevskiy with a rebound.
16:48 of 3rd period - Icing by Nikita Zaitsev.
16:49 of 3rd period - Brandon Sutter wins face-off versus Brandon Dubinsky in Ducks zone.
17:02 of 3rd period - Shot by Kyle Palmieri.
17:02 of 3rd period - Shot Misses the Net.
17:04 of 3rd period - Shot by Brandon Sutter.
17:04 of 3rd period - Stopped by Robin Lehner with a rebound.
17:06 of 3rd period - Shot by Jared Spurgeon.
17:06 of 3rd period - Shot Misses the Net.
17:08 of 3rd period - Shot by James van Riemsdyk.
17:08 of 3rd period - Stopped by Robin Lehner without a rebound.
17:09 of 3rd period - Ryan OReilly wins face-off versus Antoine Vermette in Ducks zone.
17:09 of 3rd period - Ryan OReilly is hit by Alexander Radulov.
18:15 of 3rd period - Shot by Kyle Palmieri.
18:15 of 3rd period - Shot Misses the Net.
18:59 of 3rd period - Shot by Shane Doan.
18:59 of 3rd period - Stopped by Robin Lehner with a rebound.
19:01 of 3rd period - Shot by Gabriel Bourque.
19:01 of 3rd period - Shot Misses the Net.
19:21 of 3rd period - Off-side.
19:22 of 3rd period - Adam Lowry wins face-off versus Valtteri Filppula in neutral zone.
19:22 of 3rd period - Justin Faulk is hit by Chris Kunitz and loses puck.
19:35 of 3rd period - Erik Johnson is hit by Jarome Iginla and loses puck.
19:43 of 3rd period - Icing by Erik Johnson.
19:44 of 3rd period - Valtteri Filppula wins face-off versus Brandon Sutter in Ducks zone.
19:49 of 3rd period - Brandon Sutter is hit by Valtteri Filppula and loses puck.
Goals for this period are 1 for Ducks vs 1 for Flames.
Shots for this period are 5 for Ducks vs 12 for Flames.